 Dungeon Crawl Stone Soup version 0.27.1-34-g3ba077fa99 (webtiles) character file.

Game seed: 6114244305765751003

53 cbfl8 the Covered (level 3, 0/33 HPs)
             Began as a Minotaur Fighter on Jan 14, 2022.
             Was a Follower of Uskayaw.
             Succumbed to a goblin's poison
             ... on level 2 of the Dungeon.
             The game lasted 00:04:55 (1582 turns).

cbfl8 the Covered (Minotaur Fighter)                Turns: 1582, Time: 00:04:56

Health: 0/33       AC:  7    Str: 26    XL:     3   Next: 64%
Magic:  2/2        EV:  8    Int:  6    God:    Uskayaw [*.....]
Gold:   71         SH: 10    Dex:  9    Spells: 2/2 levels left

rFire    . . .     SeeInvis .   q - +0 dagger (drain)
rCold    + . .     Faith    .   c - +0 kite shield
rNeg     . . .     Spirit   .   b - +0 scale mail
rPois    .         Reflect  .   (helmet restricted)
rElec    .         Harm     .   (no cloak)
rCorr    .         Rampage  .   (no gloves)
Will     .....                  (no boots)
Stlth    ..........             (no amulet)
HPRegen  0.11/turn              n - +6 ring of strength
MPRegen  0.08/turn              x - ring of protection from cold

@: mighty, lethally poisoned (0 -> -15)
A: horns 2, retaliatory headbutt
a: Renounce Religion, Stomp


You were on level 2 of the Dungeon.
You worshipped Uskayaw.
Uskayaw was noncommittal.
You visited 1 branch of the dungeon, and saw 2 of its levels.

You collected 71 gold pieces.

Inventory:

Hand Weapons
 a - a +0 war axe
 g - a +0 hand axe
 h - a +0 hunting sling of freezing
 m - a +0 short sword
 p - a +0 spear
 q - a +0 dagger of draining (weapon)
Missiles
 f - 36 arrows
 j - 65 stones (quivered)
Armour
 b - a +0 scale mail (worn)
 c - a +0 kite shield (worn)
 i - a +0 leather armour
 o - a +1 pair of boots
Jewellery
 n - a +6 ring of strength (left hand)
 x - a ring of protection from cold (right hand)
Scrolls
 e - a scroll of fog {unknown}
 l - 2 scrolls of identify {unknown}
 s - a scroll of blinking {unknown}
 t - a scroll of immolation {unknown}
 u - 3 scrolls of summoning {unknown}
 v - 3 scrolls of magic mapping {unknown}
Potions
 d - a potion of might
 k - a potion of attraction {unknown}
 r - a potion of degeneration {unknown}
 w - a potion of magic {unknown}


   Skills:
 + Level 4.2 Fighting
 + Level 3.1 Axes
 + Level 4.4 Armour
 + Level 1.0 Dodging
 + Level 3.8 Shields


You had 2 spell levels left.
You didn't know any spells.
Your spell library contained the following spells:

 Spells                   Type           Power      Damage    Failure   Level
 Magic Dart               Conj           0%         1d3       99%         1
 Searing Ray              Conj           0%         3d3       100%        2
 Fulminant Prism          Conj/Hex       0%         3d6       100%        4


Dungeon Overview and Level Annotations

Branches:
Dungeon (2/15)

Altars:
Uskayaw

Annotations:
D:2 Robin


Innate Abilities, Weirdness & Mutations

You have a pair of horns on your head.
You reflexively headbutt those who attack you in melee.


Message History

The goblin hits you with a +0 dagger. The goblin hits you but does no damage.
The goblin hits you with a +2 dagger of venom.
You are poisoned.
You block the goblin's attack.
A rat comes into view.
You closely miss the goblin. Your headbutt misses the goblin.
The goblin is moderately wounded.
You feel very sick.
You block the goblin's attack. x3; The goblin hits you with a +0 dagger.
The goblin closely misses you. The goblin hits you but does no damage.
You miss the goblin.
The goblin is moderately wounded.
You feel sick. The goblin hits you but does no damage.
The goblin hits you with a +2 dagger of venom.
You are more poisoned.
The goblin barely misses you. x2; The goblin hits you but does no damage.
The goblin hits you with a +2 dagger of venom.
You are lethally poisoned!
You feel very mighty all of a sudden.
You feel very sick.
The goblin hits you but does no damage. x2; The goblin barely misses you.
The goblin completely misses you.
You hit the goblin.
The goblin is heavily wounded.
You feel very sick. The goblin hits you with a +0 club.
You block the goblin's attack. x2
The goblin hits you but does no damage.
You are more poisoned.
You puncture the goblin!
You kill the goblin!
* * * LOW HITPOINT WARNING * * *
You feel very sick.
You block the goblin's attack. x2; The goblin closely misses you.
You furiously retaliate!
You headbutt the goblin!!
You kill the goblin!
Robin roars a battlecry!
The goblins go into a battle-frenzy!
You puncture the goblin!
You kill the goblin!
You die...

...##....... #..#
...##........ ##.#
...#.........########.##
..... ..............#
....# .............##
..... .......####.#
.#### #...####.#### ##
#........)# #
###@g.......#
....ggg)g...†...#
.....gr.........#
##..............#
................#
##.....#........#
####..#........#
..##........# ##########


You could see Robin, a hobgoblin (strong), 4 goblins and a rat.

Vanquished Creatures
  A worm (D:2)
  3 bats
  5 endoplasms
  3 giant cockroaches
  7 goblins
  8 hobgoblins
  5 kobolds
  4 quokkas (D:1)
  2 ball pythons
  6 frilled lizards
  A rat (D:2)
45 creatures vanquished.

Vanquished Creatures (others)
  A plant (D:2)
1 creature vanquished.

Grand Total: 46 creatures vanquished

Notes
Turn   | Place    | Note
-------+----------+-------------------------------------------
     0 | D:1      | cbfl8 the Minotaur Fighter began the quest for the Orb.
     0 | D:1      | Reached XP level 1. HP: 19/19 MP: 0/0
   102 | D:1      | Reached XP level 2. HP: 12/27 MP: 1/1
   817 | D:1      | Reached XP level 3. HP: 26/33 MP: 2/2
  1378 | D:2      | Found a faded altar of an unknown god.
  1391 | D:2      | Became a worshipper of Uskayaw the Reveller
  1391 | D:2      | Reached * piety under Uskayaw
  1494 | D:2      | Reached ** piety under Uskayaw
  1495 | D:2      | Reached skill level 1 in Dodging
  1574 | D:2      | Noticed Robin
  1582 | D:2      | Succumbed to a goblin's poison

Illustrated notes

Levels and vault maps discovered:
D:1:      minmay_arrival_solitary_statue, layout_basic, minmay_hexomino_u4
D:2:      layout_rooms, hellmonk_ecumenical_altar_prayer_group, minivault_11,
          serial_bayou_pond_e, uniq_robin

Skill      XL: |  1  2  3 |
---------------+----------+-----
Armour         | 4 |  4.4
Fighting       | 4 |  4.2
Axes           | 3 |  3.1
Dodging        | 1 |  1.0
Shields        | |  3.8

Action                   || total
-------------------------++-------
Melee: War axe           ||    79
       Headbutt          ||    13
       Dagger            ||    20
  Use: Potion            ||     1
Armor: Scale mail        ||    58
Dodge: Dodged            ||    34
Block: Kite shield       ||    74
